Map: 2000 Atmospheres LE

Players

Scarlett - Winner!

  • Race: Zerg Zerg

JonSnow

  • Race: Zerg Zerg
  • League: Master

Event: DreamHack SC2 Masters 2021 Summer

VOD

Have the link to the VOD?

Description

Time

  • Played on: May 27, 2021, 6:22 p.m.
  • Length: 7:11

All games in this series

Show
View Real Time Build Order
Export as new Build Order

Scarlett Zerg - Winner!

Build Orders: Hatch First 

Get SALT Encoding   

  12  0:00  Drone  
  13  0:12  Overlord  
  13  0:17  Drone  
  14  0:30  Drone x2  
  16  0:46  Hatchery  
  15  0:51  Drone  
  15  0:53  Drone  
  17  1:00  Drone  
  18  1:08  Extractor  
  17  1:12  Spawning Pool  
  17  1:16  Drone  
  17  1:19  Drone  
  18  1:28  Drone  
  19  1:39  Drone  
  20  1:49  Drone  
  21  1:59  Queen x2  
  21  2:00  Zergling x2, Overlord  
  26  2:08  Metabolic Boost  
  26  2:10  Drone  
  26  2:12  Drone  
  28  2:22  Drone x2  
  30  2:31  Drone  
  30  2:32  Drone  
  32  2:38  Hatchery  
  32  2:43  Queen  
  33  2:48  Overlord  
  33  2:52  Drone  
  33  2:58  Drone x2  
  36  3:09  Zergling x6  
  36  3:10  Zergling x2  
  36  3:11  Overlord  
  40  3:14  Drone x3  
  40  3:19  Baneling Nest  
  42  3:21  Drone  
  43  3:33  Drone x3  
  46  3:39  Zergling x2  
  46  3:40  Drone x2  
  49  3:46  Drone x2  
  51  3:49  Evolution Chamber  
  51  3:50  Overlord  
  51  3:52  Extractor  
  51  3:53  Drone x3  
  52  3:57  Zergling x2  
  53  4:03  Baneling x2  
  53  4:08  Zergling x4  
  54  4:10  Zergling x4  
  54  4:16  Zerg Missile Weapons Level 1  
  56  4:17  Zergling x4  
  56  4:18  Extractor  
  56  4:22  Zergling x14  
  64  4:27  Zergling x6  
  64  4:28  Overlord  
  65  4:33  Roach Warren  
  65  4:34  Baneling  
  65  4:35  Baneling  
  63  4:41  Drone x3  
  63  4:44  Baneling  
  64  4:47  Drone, Overlord  
  64  4:48  Drone  
  64  4:51  Drone x3  
  69  4:54  Drone x4  
  73  5:02  Drone x2  
  73  5:04  Lair  
  73  5:05  Drone x2  
  72  5:12  Drone x3  
  73  5:18  Overlord  
  72  5:23  Roach  
  72  5:24  Roach x3  
  78  5:30  Drone x3  
  78  5:33  Extractor  
  78  5:35  Extractor  
  79  5:37  Overlord x2  
  79  5:38  Drone x2  
  79  5:41  Extractor  
  80  5:46  Drone, Overlord  
  80  5:47  Drone  
  82  5:52  Roach  
  82  5:53  Roach x3  
  82  5:54  Overlord  
  90  6:00  Baneling x2  
  90  6:01  Overlord  
  90  6:02  Drone  
  90  6:03  Drone  
  91  6:08  Roach x3  
  96  6:14  Roach x4  
  104  6:20  Roach x5  
  113  6:27  Baneling  
  113  6:28  Baneling x8  
  113  6:30  Roach  
  115  6:34  Roach x3  
  115  6:38  Overlord x2  
  115  6:39  Roach  
  123  6:43  Overlord  
  123  6:52  Roach  
Show
View Real Time Build Order
Export as new Build Order

JonSnow Zerg 

Build Orders: Hatch First 

Get SALT Encoding   

  12  0:01  Drone  
  13  0:12  Overlord  
  13  0:18  Drone  
  14  0:31  Drone  
  14  0:32  Drone  
  16  0:49  Hatchery  
  15  0:52  Drone  
  15  0:54  Drone  
  17  0:59  Drone  
  18  1:06  Extractor  
  17  1:14  Spawning Pool  
  17  1:16  Drone  
  17  1:20  Drone  
  18  1:28  Drone  
  19  1:39  Drone  
  20  1:50  Overlord  
  20  2:01  Queen  
  20  2:02  Queen  
  20  2:03  Drone x2  
  20  2:08  Metabolic Boost  
  26  2:13  Drone  
  27  2:16  Drone  
  29  2:22  Zergling x2  
  29  2:23  Zergling x2  
  30  2:37  Hatchery  
  30  2:43  Drone x3  
  32  2:52  Baneling Nest  
  32  2:53  Zergling x2  
  32  2:54  Zergling x2  
  32  2:57  Overlord  
  33  3:05  Overlord  
  33  3:10  Drone x3  
  36  3:17  Drone x3  
  36  3:19  Zergling x2  
  40  3:21  Drone  
  41  3:28  Zergling x2, Evolution Chamber  
  41  3:31  Drone  
  42  3:37  Zergling x2  
  42  3:38  Baneling x2  
  42  3:39  Overlord  
  43  3:49  Zergling x12  
  49  3:56  Queen  
  51  4:07  Zerg Ground Armor Level 1  
  51  4:09  Drone x5  
  55  4:14  Overlord  
  52  4:37  Zergling x22  
  56  4:39  Drone  
  56  4:41  Extractor  
  56  4:42  Extractor  
  56  4:44  Drone, Roach Warren  
  54  4:52  Zergling x4  
  56  4:56  Baneling x3  
  55  5:01  Zergling x6  
  50  5:08  Zergling x2  
  50  5:12  Zergling x10  
  57  5:14  Drone x2  
  57  5:20  Queen  
  50  5:29  Roach x6  
  62  5:40  Roach  
  62  5:41  Roach x3  
  70  5:47  Roach x2  
  74  5:53  Overlord x2  
  73  6:14  Zergling x22  
  84  6:23  Zergling x4  
  85  6:25  Baneling x6  
  85  6:26  Baneling x2  
  85  6:29  Zergling x4  
  86  6:38  Zergling x8  
  90  6:42  Overlord  
Tags
 
Add a new tag
Caveats
  • Supply blocks, unpowered buildings, or Contaminate may cause inaccurate times.
  • Supply counts are checked every 10 seconds.